 Dungeon Crawl Stone Soup version 0.20-a0-1111-g4e342e6 (webtiles) character file.

8755 HereIgoKillingAgain the Severer (level 11, 0/97 HPs)
             Began as a Hill Orc Fighter on May 6, 2017.
             Was an Elder of Beogh.
             Slain by a red ugly thing (20 damage)
             ... on level 10 of the Dungeon.
             The game lasted 00:11:37 (8763 turns).

HereIgoKillingAgain the Severer (Hill Orc Fighter)  Turns: 8763, Time: 00:11:38

Health: 0/97       AC: 15    Str: 27    XL:     11   Next: 35%
Magic:  11/11      EV: 10    Int:  9    God:    Beogh [****..]
Gold:   318        SH: 10    Dex: 10    Spells: 10/10 levels left

rFire    . . .     SeeInvis .   K - +1 war axe (venom)
rCold    . . .     Gourm    .   c - +0 shield
rNeg     . . .     Faith    +   z - +3 ring mail
rPois    +         Spirit   .   S - +0 helmet
rElec    .         Reflect  .   D - +0 cloak {rPois}
rCorr    .         Harm     .   C - +0 pair of gloves
MR       .....                  M - +0 pair of boots
Stlth    ..........             l - amulet of faith
Regen    0.3/turn               w - +2 ring of evasion
MPRegen  0.2/turn               H - +5 ring of strength

@: no status effects
A: no striking features
a: Smiting, Recall Orcish Followers, Renounce Religion


You were on level 10 of the Dungeon.
You worshipped Beogh.
Beogh was greatly pleased with you.
You were hungry.

You visited 3 branches of the dungeon, and saw 12 of its levels.
You also visited: Ossuary.

You collected 549 gold pieces.
You spent 231 gold pieces at shops.

Inventory:

Hand Weapons
 K - a +1 war axe of venom (weapon)
Armour
 c - a +0 shield (worn)
 z - a +3 ring mail (worn)
 C - a +0 pair of gloves (worn)
 D - a +0 cloak of poison resistance (worn)
 M - a +0 pair of boots (worn)
 S - a +0 helmet (worn)
Jewellery
 b - an uncursed amulet of guardian spirit
 i - an uncursed ring of protection from magic
 l - an amulet of faith (around neck)
 w - a +2 ring of evasion (left hand)
 H - a +5 ring of strength (right hand)
 J - an uncursed ring of flight
 Q - an uncursed ring of see invisible {unknown}
Wands
 r - a wand of lightning (3/15)
 y - a wand of lightning (6/15)
 F - a wand of polymorph (4/24)
 L - a wand of confusion (38/48)
 O - a wand of acid (5/15)
 T - a wand of lightning (7/15)
Scrolls
 e - 6 scrolls of teleportation
 h - 3 scrolls of amnesia
 j - 4 scrolls of enchant weapon {unknown}
 s - a scroll of fog {unknown}
 v - 2 scrolls of immolation {unknown}
 x - 3 scrolls of remove curse {unknown}
 E - a scroll of blinking
 P - 3 scrolls of fear
 R - a scroll of magic mapping {unknown}
 V - a scroll of noise {unknown}
 X - 2 scrolls of identify
Potions
 d - 3 potions of might
 g - a potion of haste
 n - 2 potions of resistance
 o - 2 potions of magic
 p - 2 potions of agility
 q - 2 potions of flight
 t - 4 potions of brilliance
 u - 3 potions of curing
 A - a potion of heal wounds
 B - a potion of lignification
 I - a potion of invisibility
 N - 3 potions of mutation {unknown}
Books
 k - a book of Cantrips

   Spells                             Type                      Level
   a - Confusing Touch                Hexes                        1
   b - Animate Skeleton               Necromancy                   1
   c - Summon Small Mammal            Summoning                    1
   d - Apportation                    Translocation                1
 U - a book of Flames

   Spells                             Type                      Level
   a - Flame Tongue                   Conjuration/Fire             1
   b - Throw Flame                    Conjuration/Fire             2
   c - Conjure Flame                  Conjuration/Fire             3
   d - Inner Flame                    Hexes/Fire                   3
   e - Sticky Flame                   Conjuration/Fire             4
   f - Fireball                       Conjuration/Fire             5
Comestibles
 a - 4 meat rations
 f - 3 bread rations
 m - 13 royal jellies
 G - 6 fruits


   Skills:
 * Level 9.0 Fighting
 + Level 17.5 Axes
 * Level 8.1 Armour
 - Level 3.3 Shields


You had 10 spell levels left.
You didn't know any spells.

Dungeon Overview and Level Annotations

Branches:
Dungeon (10/15)            Temple (1/1) D:5            Lair (1/6) D:8
    Orc: D:9-12

Altars:
Ashenzari
Cheibriados
Dithmenos
Elyvilon
Fedhas
Gozag
Hepliaklqana
Kikubaaqudgha
Makhleb
Nemelex Xobeh
Okawaru
Qazlal
Ru
Sif Muna
Trog
Uskayaw
Vehumet
Wu Jian
Xom
Yredelemnul
Zin
The Shining One

Shops:
D:5 !


Message History

Unknown command.
You closely miss the red ugly thing.
The red ugly thing is moderately wounded.
The red ugly thing tail-slaps you!
You are engulfed in flames!
You slash the red ugly thing!
The red ugly thing looks as sick as possible!
The red ugly thing is heavily wounded.
The red ugly thing tail-slaps you.
You are engulfed in flames!
Unknown command.
You are too injured to fight recklessly!
You are too injured to fight recklessly!
Unknown command.
You are too injured to fight recklessly!
You are too injured to fight recklessly!
You barely miss the red ugly thing.
The red ugly thing is heavily wounded.
The red ugly thing tail-slaps you!
* * * LOW HITPOINT WARNING * * *
You are engulfed in flames!!
You die...

#.# #o# #.#
..############o#
......^ooo...o.#
##oo....###
#o####.# #######o#
#.# #....u@o# #.# #
#.####### #.# ##
#.# #.# .# #.# #.#
.# #.#####.# #.# .#
########o......#
#.#
o###......o#####..#
#.#


o'.oooooo..o.o.# #o# .###.......###.# #.#### You could see a red ugly thing, 2
friendly orc warriors, 3 friendly orc priests and 3 friendly orcs.

Vanquished Creatures
  A two-headed ogre (D:9)
  The ghost of XxPooperXx the Basher, a novice OgHu of Okawaru (D:8)
  Joseph (D:9)
  Maurice (D:8)
  A gargoyle (D:10)
  The ghost of EvilAshe the Cudgeler, an amateur DDWr of Hepliaklqana (Ossuary)
  A troll (D:7)
  2 hornets (D:8)
  A hippogriff (D:9)
  5 yaks (D:10)
  Edmund (D:5)
  A soldier ant (D:8)
  3 black bears
  An ice beast (D:9)
  An orc warrior (D:7)
  An eye of draining (D:8)
  The ghost of HereIgoKillingAgain the Chopper, an amateur HOFi (D:4)
  4 phantoms
  3 ogres
  A centaur (D:5)
  7 bullfrogs
  A wyvern skeleton (D:9)
  11 scorpions
  3 wights (D:6)
  4 howler monkeys
  2 crimson imps
  3 centaur zombies
  A bullfrog zombie (D:6)
  3 human zombies (Ossuary)
  2 hounds
  Crazy Yiuf (D:5)
  2 centaur skeletons
  4 orc priests
  12 orc wizards
  A bullfrog skeleton (D:6)
  Ijyb (D:4)
  2 iguanas
  8 worker ants
  A big kobold zombie (Ossuary)
  A hound zombie (D:7)
  3 mummies (Ossuary)
  7 gnolls
  A worker ant zombie (D:5)
  A scorpion zombie (Ossuary)
  6 adders
  A shadow imp (D:8)
  An ooze (D:5)
  2 adder skeletons
  5 worms
  2 dart slugs
  4 leopard geckos
  43 orcs
  5 bats
  7 giant cockroaches
  3 gnoll zombies (Ossuary)
  11 goblins
  7 hobgoblins
  16 jackals
  4 quokkas
  A ball python skeleton (D:4)
  5 frilled lizards
  A hobgoblin zombie (Ossuary)
  8 kobolds
  3 kobold zombies (Ossuary)
  A leopard gecko zombie (D:5)
  2 orc zombies (Ossuary)
  6 rats
258 creatures vanquished.

Vanquished Creatures (collateral kills)
  A troll (D:9)
  A yak (D:10)
  A phantom (D:9)
  A bullfrog (D:9)
  A hound (D:9)
  An orc wizard (D:9)
  3 orcs
9 creatures vanquished.

Vanquished Creatures (others)
  2 scorpions (Ossuary)
  A human zombie (Ossuary)
  An orc (D:4)
  An orc zombie (Ossuary)
5 creatures vanquished.

Grand Total: 272 creatures vanquished

Notes
Turn   | Place    | Note
-------+----------+-------------------------------------------
     0 | D:1      | HereIgoKillingAgain the Hill Orc Fighter began the quest for the Orb.
     0 | D:1      | Reached XP level 1. HP: 19/19 MP: 1/1
   207 | D:1      | Reached skill level 3 in Axes
   305 | D:1      | Reached XP level 2. HP: 23/27 MP: 2/2
   494 | D:2      | Reached skill level 4 in Axes
   510 | D:2      | Reached XP level 3. HP: 28/33 MP: 3/3
   544 | D:2      | Reached skill level 5 in Axes
   548 | D:2      | Reached XP level 4. HP: 16/40 MP: 4/4
   952 | D:2      | Found a shadowy altar of Dithmenos.
  1161 | D:2      | Reached skill level 6 in Axes
  1264 | D:3      | Reached XP level 5. HP: 43/46 MP: 5/5
  1857 | D:3      | Reached skill level 7 in Axes
  2105 | D:4      | Noticed an ogre
  2111 | D:4      | Killed an ogre
  2111 | D:4      | Reached skill level 8 in Axes
  2111 | D:4      | Reached XP level 6. HP: 47/52 MP: 6/6
  2334 | D:4      | Noticed HereIgoKillingAgain's ghost (amateur HOFi)
  2341 | D:4      | Killed HereIgoKillingAgain's ghost
  2341 | D:4      | Reached skill level 9 in Axes
  2353 | D:4      | Found a sand-covered staircase.
  2366 | Ossuary  | Entered an ossuary
  2378 | Ossuary  | Reached XP level 7. HP: 37/58 MP: 7/7
  2439 | Ossuary  | Noticed EvilAshe's ghost (amateur DDWr)
  2457 | Ossuary  | Killed EvilAshe's ghost
  2457 | Ossuary  | Reached skill level 10 in Axes
  2741 | Ossuary  | Reached skill level 11 in Axes
  2774 | Ossuary  | Reached XP level 8. HP: 12/66 MP: 8/8
  3513 | Ossuary  | Reached skill level 12 in Axes
  3794 | D:4      | Became a worshipper of Beogh the Brigand
  4092 | D:4      | Noticed Ijyb
  4100 | D:4      | Killed Ijyb
  4100 | D:4      | Reached skill level 13 in Axes
  4265 | D:5      | Entered Level 5 of the Dungeon
  4265 | D:5      | Found Tiatoj's Distillery.
  4271 | D:5      | Bought 2 potions of brilliance for 88 gold pieces
  4271 | D:5      | Bought 2 potions of heal wounds for 110 gold pieces
  4271 | D:5      | Bought a potion of lignification for 33 gold pieces
  4372 | D:5      | Found a sacrificial altar of Ru.
  4393 | D:5      | Found a staircase to the Ecumenical Temple.
  4434 | Temple   | Entered the Ecumenical Temple
  4753 | D:5      | Found a runed door.
  4830 | D:5      | Reached * piety under Beogh
  4893 | D:5      | Noticed Edmund
  4904 | D:5      | Killed Edmund
  4904 | D:5      | Reached skill level 14 in Axes
  4904 | D:5      | Reached XP level 9. HP: 67/71 MP: 9/9
  5022 | D:5      | Found a sacrificial altar of Ru.
  5023 | D:5      | Found a burning altar of Makhleb.
  5023 | D:5      | Found a shattered altar of Ashenzari.
  5032 | D:5      | Found an iron altar of Okawaru.
  5032 | D:5      | Found a glowing golden altar of the Shining One.
  5145 | D:5      | Noticed Crazy Yiuf
  5148 | D:5      | Killed Crazy Yiuf
  5385 | D:6      | Reached skill level 15 in Axes
  5567 | D:6      | Reached ** piety under Beogh
  5906 | D:7      | Noticed a troll
  5914 | D:7      | Killed a troll
  5914 | D:7      | Reached skill level 16 in Axes
  6644 | D:8      | Reached XP level 10. HP: 67/78 MP: 10/10
  6872 | D:8      | Reached *** piety under Beogh
  6914 | D:8      | Reached skill level 5 in Fighting
  6970 | D:8      | Noticed Maurice
  7031 | D:8      | Killed Maurice
  7031 | D:8      | Reached skill level 17 in Axes
  7031 | D:8      | Reached skill level 5 in Armour
  7117 | D:8      | Noticed XxPooperXx's ghost (novice OgHu)
  7130 | D:8      | Killed XxPooperXx's ghost
  7210 | D:8      | Found a staircase to the Lair.
  7269 | Lair:1   | Entered Level 1 of the Lair of Beasts
  7452 | D:9      | Noticed a two-headed ogre
  7460 | D:9      | Killed a two-headed ogre
  7665 | D:9      | Noticed Joseph
  7681 | D:9      | Killed Joseph
  7681 | D:9      | Reached XP level 11. HP: 58/94 MP: 11/11
  7987 | D:9      | Reached **** piety under Beogh
  8248 | D:10     | Entered Level 10 of the Dungeon
  8757 | D:10     | Noticed a red ugly thing
  8763 | D:10     | Slain by a red ugly thing

Vault maps used:
D:1:      minmay_arrival_up_and_down, hangedman_decor_diamond_cutter
D:2:      grunt_ministairs_1, st_stairs_1, hex_tiny,
          nicolae_dithmenos_through_a_glass_darkly
D:4:      first_bread, nicolae_ossuary_entry_monument, uniq_ijyb
D:5:      cheibrodos_helix_gallery, minmay_overflow_temple_star_hex,
          minmay_temple_entry_junction, serial_shops, shop,
          nicolae_ru_sacrificial_ziggurat, uniq_crazy_yiuf_cottage, uniq_edmund
D:6:      grunt_ministairs_12
D:8:      lair_entry_dummy, hangedman_pestilent_swarm, st_stairs_3,
          patterned_corridor, uniq_maurice
D:9:      uniq_joseph
D:10:     lemuel_ice_statue
Temple:   minmay_crystal_spiral_temple
Lair:1:   serial_bayou_shore_b, grunt_megastairs_3, lemuel_fruit_tree,
          infiniplex_staircase_pool_2
Ossuary:  ossuary_minmay_scorpions

Skill      XL: |  1  2  3  4  5  6  7  8  9 10 11 |
---------------+----------------------------------+-----
Axes           | 3 4 5 6 8 9 11 14 16 17 | 17.5
Fighting       | 7 9 |  9.0
Armour         | 7 8 |  8.1
Shields        | |  3.3

Action                   |  1- 3 |  4- 6 |  7- 9 | 10-12 || total
-------------------------+-------+-------+-------+-------++-------
Melee: War axe           |    64 |   211 |   455 |   216 ||   946
       Unarmed           |       |       |       |    18 ||    18
Invok: Convert to Beogh  |       |       |     1 |       ||     1
       Recall Orcish Fol |       |       |       |     1 ||     1
Evoke: Wand              |       |       |    10 |     1 ||    11
  Use: Potion            |       |     1 |     6 |     1 ||     8
       Scroll            |       |       |    12 |     1 ||    13
 Stab: Invisible         |       |       |     1 |       ||     1
       Distracted        |       |       |       |     2 ||     2
       Confused          |       |       |       |     1 ||     1
  Eat: Chunk             |       |     5 |     6 |     5 ||    16
       Meat ration       |       |       |     1 |       ||     1
       Bread ration      |       |       |     1 |       ||     1
Armor: Scale mail        |    18 |    81 |    25 |       ||   124
       Ring mail         |       |       |    73 |    52 ||   125
       Skin              |       |       |       |     2 ||     2
Dodge: Dodged            |    26 |    53 |    96 |    50 ||   225
Block: Shield            |    27 |   110 |   169 |    87 ||   393
